 Dungeon Crawl Stone Soup version 0.29.0-15-g675c0067aa (webtiles) character file.

Game seed: 14849705925149838815

210 DoubleLucky the Firebug (level 5, 0/38 HPs)
             Began as a Draconian Fire Elementalist on Sept 11, 2022.
             Shot with an arrow by a centaur (14 damage)
             ... on level 4 of the Dungeon.
             The game lasted 00:28:34 (3942 turns).

DoubleLucky the Firebug (DrFE)                      Turns: 3942, Time: 00:28:35

Health: 0/38       AC:  5    Str: 11    XL:     5   Next: 56%
Magic:  8/9        EV: 12    Int: 17    God:
Gold:   156        SH:  0    Dex: 11    Spells: 7/10 levels left

rFire   . . .      SeeInvis .   c - +0 dagger
rCold   . . .      Faith    .   (no shield)
rNeg    . . .      Spirit   .   (body armour unavailable)
rPois   +          Reflect  .   (helmet restricted)
rElec   .          Harm     .   (no cloak)
rCorr   .          Rampage  .   (no gloves)
Will    .....                   (no boots)
Stlth   ++........              (no amulet)
HPRegen 0.12/turn               p - ring of poison resistance
MPRegen 0.11/turn               (no ring)

@: no status effects
A: AC +5, unfitting armour, cold-blooded
a: no special abilities


You were on level 4 of the Dungeon.
You visited 1 branch of the dungeon, and saw 4 of its levels.

You collected 156 gold pieces.

Inventory:

Hand Weapons
 c - a +0 dagger (weapon)
Jewellery
 p - a ring of poison resistance (left hand)
Wands
 h - a wand of polymorph (13)
 j - a wand of flame (32)
Scrolls
 d - 2 scrolls of immolation {unknown}
 f - 2 scrolls of teleportation {unknown}
 i - a scroll of amnesia {unknown}
 k - a scroll of noise {unknown}
 l - a scroll of enchant weapon {unknown}
 m - 2 scrolls of fear {unknown}
 q - a scroll of enchant armour {unknown}
Potions
 a - a potion of magic
 b - 2 potions of flight {unknown}
 e - 2 potions of degeneration {unknown}
 g - 4 potions of curing {unknown}
 n - a potion of brilliance {unknown}
 o - 2 potions of ambrosia {unknown}


   Skills:
 - Level 1.7 Dodging
 - Level 1.7 Stealth
 + Level 3.1 Spellcasting
 + Level 4.0 Conjurations
 + Level 4.0 Fire Magic


You had 7 spell levels left.
You knew the following spells:

 Your Spells              Type           Power      Damage    Failure   Level
a - Foxfire               Conj/Fire      64%        2x1d7     3%          1
b - Scorch                Fire           32%        2d6       4%          2

Your spell library contained the following spells:

 Spells                   Type           Power      Damage    Failure   Level
 Conjure Flame            Conj/Fire      16%        6-21      10%         3
 Inner Flame              Hex/Fire       9%         N/A       22%         3
 Flame Wave               Conj/Fire      16%        2d7       32%         4


Dungeon Overview and Level Annotations

Branches:
Dungeon (4/15)             Temple (0/1) D:4

Altars:
Elyvilon
Fedhas
Makhleb

Annotations:
D:3 3 runed translucent doors, glosham's ghost, amateur MiFi


Innate Abilities, Weirdness & Mutations

Your plain brown scales are hard. (AC +5)
You cannot fit into any form of body armour.
You are cold-blooded and may be slowed by cold attacks.


Message History

There is a stone staircase leading up here.
You feel sick.
You climb upwards.
Level annotation: 3 runed translucent doors, glosham's ghost, amateur MiFi You feel sick.
There is a stone staircase leading down here.
p - a ring of poison resistance (left hand)
You feel sick.
You feel sick.
You are no longer poisoned.
Magic restored.
HP restored.
There is a stone staircase leading down here.
Could not explore, unopened runed door.
There is a stone staircase leading down here.
There is a stone staircase leading down here.
Sorry, I don't know how to traverse that place.
There are no items here.
There is a stone staircase leading down here.
Key pressed, stopping travel.
There are no items here.
You climb downwards.
There is a stone staircase leading up here.
Found a staircase to the Ecumenical Temple.
j - a wand of flame (32) (gained 18 charges)
q - a scroll labelled GIGIOL AJAAR A centaur comes into view.
The centaur shouts!
The centaur wields a +0 shortbow.
The centaur shoots an arrow.
The arrow hits you!
Casting: Foxfire (safe; 3% risk of failure)
Confirm with . or Enter, or press ? or * to list all spells.
You conjure some foxfire!
Casting: Foxfire (safe; 3% risk of failure)
Confirm with . or Enter, or press ? or * to list all spells.
There is not enough space to conjure foxfire!
The foxfire hits the centaur but does no damage.
The centaur shoots an arrow.
The arrow hits you!
The centaur shoots an arrow.
The arrow hits you!
You die...

.... #... ## ## .... .##
.# #..# # ..# c#
#..###.#. .. .#
#........ . .#§ #......#
.. #.#§# #.# .>.#.#@#
#.# ..#.#v## #.#
.###.#.#.##### #.#
...#..#.....# #.#
..###..#..#.#.# ##.##
#...##.....#.###...#####
###....####............
#...## #.###...#####
#.#.#####.# ##.##


You could see a centaur (ally target).

Vanquished Creatures
  A scorpion (D:4)
  An orc wizard (D:3)
  4 gnolls (D:2)
  2 adders (D:3)
  2 worms (D:3)
  2 dart slugs (D:1)
  2 orcs (D:3)
  3 ball pythons
  2 endoplasms
  2 giant cockroaches
  3 goblins
  5 hobgoblins
  4 jackals (D:2)
  3 quokkas
  6 bats
  7 kobolds
  10 rats
59 creatures vanquished.

Vanquished Creatures (collateral kills)
  3 foxfires (D:1)
3 creatures vanquished.

Vanquished Creatures (others)
  182 foxfires
  18 fungi (D:1)
  A plant (D:3)
201 creatures vanquished.

Grand Total: 263 creatures vanquished

Notes
Turn   | Place    | Note
-------+----------+-------------------------------------------
     0 | D:1      | DoubleLucky the Draconian Fire Elementalist began the quest
                  | for the Orb.
     0 | D:1      | Reached XP level 1. HP: 14/14 MP: 3/3
   176 | D:1      | Found a faded altar of an unknown god.
   394 | D:1      | Reached XP level 2. HP: 19/20 MP: 0/5
   397 | D:1      | Learned a level 2 spell: Scorch
  1160 | D:2      | Reached XP level 3. HP: 26/26 MP: 3/6
  2298 | D:2      | Reached XP level 4. HP: 33/33 MP: 3/7
  2436 | D:3      | Noticed glosham's ghost (amateur MiFi)
  2496 | D:3      | Found a runed translucent gate.
  2496 | D:3      | Found a runed translucent gate.
  2496 | D:3      | Found a runed translucent gate.
  2861 | D:3      | Found a blossoming altar of Fedhas.
  3208 | D:3      | Reached XP level 5. HP: 38/38 MP: 2/9
  3556 | D:3      | Found a burning altar of Makhleb.
  3556 | D:3      | Found a white marble altar of Elyvilon.
  3669 | D:4      | Noticed a phantom
  3893 | D:4      | Found a staircase to the Ecumenical Temple.
  3939 | D:4      | Noticed a centaur
  3942 | D:4      | Shot with an arrow by a centaur

Illustrated notes

Levels and vault maps discovered:
D:1:      scummos_arrival_checkerplants, layout_rooms,
          shapermc_ecumenical_altar_rom_forum
D:2:      layout_loops_corners
D:3:      layout_loops_ring, fedhas_altar_1, gammafunk_temple_overflow_wave,
          gammafunk_ghost_icy
D:4:      cheibrodos_pilgrimage, layout_loops_corners,
          minmay_temple_entry_steel_oval, uniq_menkaure

Skill      XL: |  1  2  3  4  5 |
---------------+----------------+-----
Conjurations   | 2 3 4 |  4.0
Spellcasting   | 3 |  3.1
Fire Magic     | 4 |  4.0
Dodging        | |  1.7
Stealth        | |  1.7

Action                   |  1- 3 |  4- 6 || total
-------------------------+-------+-------++-------
Melee: Dagger            |    21 |     4 ||    25
       Tailslap          |     2 |       ||     2
       Unarmed           |     1 |       ||     1
 Cast: Foxfire           |    79 |    42 ||   121
       Scorch            |       |     7 ||     7
Armor: Skin              |    10 |     3 ||    13
Dodge: Dodged            |    22 |     4 ||    26
